 Dungeon Crawl Stone Soup version 0.29-a0-887-gcbe080d7e0 (webtiles) character file.

Game seed: 2158169885503997270

46 reriks the Shield-Bearer (level 3, -2/25 (30) HPs)
             Began as a Formicid Fighter on July 21, 2022.
             Was a Follower of Trog.
             Slain by a gnoll
             ... wielding a +1 whip of draining
              (7 damage)
             ... on level 2 of the Dungeon.
             The game lasted 00:01:24 (1491 turns).

reriks the Shield-Bearer (Formicid Fighter)         Turns: 1491, Time: 00:01:24

HP:   -2/25 (30)    AC:  7    Str: 22    XL:     3   Next: 92%
MP:   3/3           EV:  9    Int:  7    God:    Trog [*.....]
Gold: 30            SH:  5    Dex: 13    Spells: 2/2 levels left

rFire   . . .      SeeInvis +   a - +0 quarterstaff
rCold   . . .      Faith    .   c - +0 buckler
rNeg    . . .      Spirit   .   b - +0 scale mail
rPois   .          Reflect  .   (helmet unavailable)
rElec   .          Harm     .   (no cloak)
rCorr   .          Rampage  .   (no gloves)
Will    .....                   (no boots)
Stlth   ..........              (no amulet)
HPRegen 0.08/turn               (no ring)
MPRegen 0.08/turn               (no ring)

@: heavily drained
A: permanent stasis, dig shafts and tunnels, antennae 3, four strong arms
a: Dig, Shaft Self, Renounce Religion


You were on level 2 of the Dungeon.
You worshipped Trog.
Trog was aware of your devotion.
You visited 1 branch of the dungeon, and saw 2 of its levels.

You collected 30 gold pieces.

Inventory:

Hand Weapons
 a - a +0 quarterstaff (weapon)
Armour
 b - a +0 scale mail (worn)
 c - a +0 buckler (worn)
Jewellery
 e - a ring of protection from cold
 j - a ring of wizardry
Scrolls
 h - a scroll of teleportation {unknown}
 k - a scroll of magic mapping {unknown}
 m - a scroll of acquirement {unknown}
 n - a scroll of blinking {unknown}
Potions
 d - a potion of might
 f - a potion of ambrosia {unknown}
 g - a potion of degeneration {unknown}
 i - a potion of heal wounds {unknown}
 l - a potion of curing {unknown}


   Skills:
 + Level 3.7 Fighting
 + Level 2.5 Staves
 + Level 3.7 Armour
 + Level 4.6 Shields


You had 2 spell levels left.
You didn't know any spells.
Your spell library contained the following spells:

 Spells                   Type           Power      Damage    Failure   Level
 Gell's Gravitas          Tloc           0%         N/A       99%         3
 Lesser Beckoning         Tloc           0%         N/A       99%         3
 Teleport Other           Tloc           0%         N/A       99%         3


Dungeon Overview and Level Annotations

Branches:
Dungeon (2/15)

Altars:
Trog


Innate Abilities, Weirdness & Mutations

You cannot be hasted, slowed, berserked, paralysed or teleported.
You can dig through walls and to a lower floor.
You have a pair of large antennae on your head. (SInv)
Your four strong arms can wield two-handed weapons with a shield.


Message History

You are too confused!
You are too confused!
You're too confused to move!
The gnoll throws an atropa-tipped dart.
The atropa-tipped dart hits you.
An adder comes into view.
You feel less confused.
The adder hisses angrily.
The gnoll throws an atropa-tipped dart.
The atropa-tipped dart hits you!
Found a book of Armaments.
The gnoll throws an atropa-tipped dart.
The atropa-tipped dart closely misses you.
The adder completely misses you.
The gnoll hits you with a +1 whip of draining.
You feel drained.
You closely miss the adder. The adder bites you but does no damage.
The adder bites you. The gnoll hits you but does no damage.
You feel drained.
You hit the gnoll but do no damage. The adder bites you but does no damage.
You block the gnoll's attack.
You hit the adder.
The adder is moderately wounded.
You block the adder's attack. You block the gnoll's attack.
You block the adder's attack.
You hit the gnoll.
The gnoll is lightly wounded.
You block the adder's attack.
The gnoll hits you with a +1 whip of draining.
You feel drained.
You hit the adder.
The adder is heavily wounded.
The adder bites you but does no damage.
The gnoll hits you with a +1 whip of draining!
You feel drained.
* * * LOW HITPOINT WARNING * * *
The adder bites you but does no damage.
You sock the gnoll!
The gnoll is severely wounded.
The gnoll hits you with a +1 whip of draining.
* * * LOW HITPOINT WARNING * * *
You feel drained. The adder bites you but does no damage.
The gnoll hits you with a +1 whip of draining!
You die...

....... .....:. .......
.# ....... .# ...
.......###.##...
.................
#...g........#
#...@........#
##..S.........#
#...[........#
#............#
#............#
#!...........#
#(...........#
##...........#
#############...........#


You could see a gnoll and an adder.

Vanquished Creatures
  3 gnolls (D:2)
  A bat (D:1)
  An endoplasm (D:1)
  A giant cockroach (D:1)
  3 goblins
  A hobgoblin (D:1)
  2 quokkas
  3 kobolds
  2 rats (D:1)
  2 toadstools (D:1)
19 creatures vanquished.

Vanquished Creatures (others)
  2 toadstools (D:1)
2 creatures vanquished.

Grand Total: 21 creatures vanquished

Notes
Turn   | Place    | Note
-------+----------+-------------------------------------------
     0 | D:1      | reriks the Formicid Fighter began the quest for the Orb.
     0 | D:1      | Reached XP level 1. HP: 18/18 MP: 1/1
   170 | D:1      | Upgraded the game from 0.29-a0-885-gb26ba3297d to
                  | 0.29-a0-887-gcbe080d7e0
   356 | D:1      | Reached XP level 2. HP: 24/24 MP: 2/2
   478 | D:1      | Found a faded altar of an unknown god.
  1138 | D:1      | Prayed at the altar of an unknown god.
  1138 | D:1      | Became a worshipper of Trog the Wrathful
  1138 | D:1      | Reached * piety under Trog
  1184 | D:2      | Reached XP level 3. HP: 21/29 MP: 3/3
  1491 | D:2      | Slain by a gnoll

Illustrated notes

Levels and vault maps discovered:
D:1:      ldierk_water_garden, layout_basic,
          hellmonk_ecumenical_altar_heavens_door
D:2:      layout_basic, serial_shops,
          nicolae_shop_temple_entry_statues_fountains,
          wander_ebering_terrifying_dragon_lair

Action                   || total
-------------------------++-------
Melee: Quarterstaff      ||    67
Armor: Scale mail        ||    28
Dodge: Dodged            ||    22
Block: Buckler           ||    23

Table legend: (Time is in decaauts)
 A = Elapsed time spent in this place.
 B = Non-inter-level travel time spent in this place.
 C = Inter-level travel time spent in this place.
 D = Time resting spent in this place.
 E = Time spent auto-exploring this place.
 F = Levels seen in this place.
 G = Mean time per level.
                   A        B        C        D        E       F      G
               +--------+--------+--------+--------+--------+-----+--------+
         Total |   1505 |   1421 |     84 |    302 |    942 |   2 |  752.5 |
       Dungeon |   1505 |   1421 |     84 |    302 |    942 |   2 |  752.5 |
               +--------+--------+--------+--------+--------+-----+--------+

Top non-repeatable levels by time:
     D:1: 1172 daAuts
     D:2: 332 daAuts
